 Dungeon Crawl Stone Soup version 0.21-a0-201-g8501b10 (webtiles) character file.

64 KristoblXynda the Charmwright (level 4, -1/39 HPs)
             Began as a Naga Skald on Aug 18, 2017.
             Slain by a jackal (2 damage)
             ... on level 2 of the Dungeon.
             The game lasted 00:04:02 (2053 turns).

KristoblXynda the Charmwright (Naga Skald)          Turns: 2053, Time: 00:04:03

Health: -1/39      AC:  2    Str: 14    XL:     4   Next: 12%
Magic:  7/7        EV:  9    Int: 19    God:
Gold:   124        SH:  0    Dex: 10    Spells: 3/7 levels left

rFire    . . .     SeeInvis +   a - +0 spear
rCold    . . .     Gourm    .   (no shield)
rNeg     . . .     Faith    .   b - +0 leather armour
rPois    +         Spirit   .   (no helmet)
rElec    .         Reflect  .   (no cloak)
rCorr    .         Harm     .   (no gloves)
MR       .....                  (no barding)
Stlth    ++........             (no amulet)
HPRegen  0.13/turn              (no ring)
MPRegen  0.10/turn              (no ring)

@: brilliant, short of breath, hasted, quick
A: see invisible, deformed body, poison resistance, slowness 2, slow metabolism
1, spit poison 1, AC +1
a: Spit Poison


You were on level 2 of the Dungeon.
You were hungry.

You visited 1 branch of the dungeon, and saw 2 of its levels.

You collected 124 gold pieces.

Inventory:

Hand Weapons
 a - a +0 spear (weapon)
Missiles
 n - 3 javelins (quivered)
Armour
 b - a +0 leather armour (worn)
Wands
 o - a wand of enslavement (9/24)
Scrolls
 i - a scroll of magic mapping {unknown}
 j - 4 scrolls of identify {unknown}
 k - a scroll of immolation {unknown}
 l - a scroll of enchant weapon {unknown}
 p - a scroll of amnesia
Books
 c - a book of Battle

   Spells                             Type                      Level
   a - Infusion                       Charms                       1
   b - Shroud of Golubria             Charms/Translocation         2
   c - Song of Slaying                Charms                       2
   d - Spectral Weapon                Hexes/Charms                 3
   e - Regeneration                   Charms/Necromancy            3
Comestibles
 d - 3 bread rations
 f - 2 meat rations
 m - 2 fruits


   Skills:
 - Level 2.0 Fighting
 + Level 2.8 Polearms
 - Level 0.7 Armour
 - Level 1.5 Dodging
 + Level 3.4 Stealth
 - Level 2.0 Spellcasting
 + Level 3.6 Charms


You had 3 spell levels left.
You knew the following spells:

 Your Spells              Type           Power        Failure   Level  Hunger
a - Infusion              Chrm           ####         1%          1    #......
b - Regeneration          Chrm/Necr      ###.......   3%          3    ###....


Dungeon Overview and Level Annotations

Branches:
Dungeon (2/15)

Altars:
Zin

Shops:
D:2 *


Innate Abilities, Weirdness & Mutations

You cannot wear boots.
Your serpentine skin is tough. (AC +1)
You have supernaturally acute eyesight. (SInv)
Armour fits poorly on your strangely shaped body.
Your system is resistant to poisons. (rPois)
You cover ground very slowly.
You have a slow metabolism.
You can spit poison.


Message History

The jackal is moderately wounded.
The jackal bites you.
* * * LOW HITPOINT WARNING * * *
You hit the jackal.
The jackal is heavily wounded.
The jackal closely misses you. The jackal bites you.
* * * LOW HITPOINT WARNING * * *
As you read the scroll labeled OTAETITISTE, it crumbles to dust.
It is a scroll of amnesia.
Forget which spell ([?*] list [ESC] exit)?
Forget which spell ([?*] list [ESC] exit)?
Okay, then.
The jackal closely misses you.
The jackal bites you but does no damage.
Unknown command.
Unknown command.
As you read the scroll labeled SUSEN JAEF, it crumbles to dust.
Your +0 spear glows bright magenta for a moment.
It was a scroll of random uselessness.
The jackal bites you.
You die...

#.# #.......#
#....# #.#
#.......# #..###
#.. #.......#
#..### #.
######### #.....
##########.###
###.. ...# #.#
.##.####.###.#
##h##>#........#
#@#.#.#.##.#####
##h##.#.##.#
#.........#
###########


You could see 2 jackals.

Vanquished Creatures
  An ooze (D:2)
  2 worms (D:2)
  2 leopard geckos (D:1)
  3 bats (D:1)
  3 giant cockroaches
  9 goblins
  7 hobgoblins
  4 jackals (D:2)
  5 kobolds
  A ball python (D:1)
  2 frilled lizards (D:2)
  9 rats
48 creatures vanquished.

Notes
Turn   | Place    | Note
-------+----------+-------------------------------------------
     0 | D:1      | KristoblXynda the Naga Skald began the quest for the Orb.
     0 | D:1      | Reached XP level 1. HP: 19/19 MP: 3/3
   369 | D:1      | Reached skill level 1 in Stealth
   381 | D:1      | Reached XP level 2. HP: 3/26 MP: 5/5
   384 | D:1      | HP: 1/26 [rat (1)]
  1032 | D:1      | Reached XP level 3. HP: 22/32 MP: 6/6
  1435 | D:2      | Learned a level 3 spell: Regeneration
  1436 | D:2      | Found a faded altar of an unknown god.
  1889 | D:2      | Found Zin's Purification Station.
  1891 | D:2      | Found a glowing silver altar of Zin.
  1938 | D:2      | Reached XP level 4. HP: 32/39 MP: 7/7
  2051 | D:2      | HP: 1/39 [jackal (1)]
  2053 | D:2      | Slain by a jackal

Vault maps used:
D:1:      lightli_arrival_maybe_door_vault
D:2:      minmay_diamond_boxcup, zin_purify,
          chequers_ecumenical_altar_simple_redux

Skill      XL: |  1  2  3 |
---------------+----------+-----
Stealth        | 1 2 3 |  3.4
Fighting       | |  2.0
Polearms       | |  2.8
Armour         | |  0.7
Dodging        | |  1.5
Spellcasting   | |  2.0
Charms         | |  3.6

Action                   |  1- 3 |  4- 6 || total
-------------------------+-------+-------++-------
Melee: Spear             |   120 |    29 ||   149
 Abil: Spit Poison       |    18 |     2 ||    20
  Use: Scroll            |       |     2 ||     2
       Potion            |       |     2 ||     2
 Stab: Sleeping          |     4 |     1 ||     5
  Eat: Chunk             |     3 |       ||     3
Armor: Leather armour    |    32 |    19 ||    51
Dodge: Dodged            |    53 |    30 ||    83
